Map: King's Cove LE

Players

RiSky

  • Race: Zerg Zerg
  • Spawn Location: 5:00

Ziggy - Winner!

  • Race: Terran Terran
  • Spawn Location: 11:00

Event: IEM Season 13: Katowice (2019)

VOD

Have the link to the VOD?

Description

Time

  • Played on: Feb. 25, 2019, 10:13 a.m.
  • Length: 6:36

All games in this series

Show
View Real Time Build Order
Export as new Build Order

RiSky Zerg 

Build Orders: Pool First 

Get SALT Encoding   

  12  0:00  Drone  
  13  0:13  Overlord  
  13  0:18  Drone  
  14  0:31  Drone x2  
  14  0:35  Drone  
  17  0:46  Spawning Pool  
  16  0:50  Drone  
  17  1:11  Hatchery  
  17  1:13  Drone  
  17  1:16  Drone  
  18  1:26  Extractor  
  17  1:32  Zergling x2  
  17  1:33  Zergling x2  
  17  1:34  Queen  
  21  1:41  Overlord  
  21  1:50  Drone  
  22  1:57  Roach Warren  
  21  2:01  Drone  
  22  2:12  Drone  
  23  2:16  Queen  
  23  2:22  Drone  
  26  2:37  Roach x3  
  26  2:43  Roach  
  33  2:48  Roach  
  34  2:51  Overlord  
  34  2:56  Drone  
  35  2:59  Drone  
  36  3:11  Overlord  
  37  3:12  Drone  
  37  3:15  Drone  
  38  3:20  Drone x2  
  38  3:25  Ravager, Drone  
  42  3:28  Drone  
  42  3:31  Drone  
  44  3:39  Overlord  
  44  3:45  Drone  
  45  3:50  Drone  
  45  3:51  Queen  
  45  3:54  Drone  
  49  4:01  Roach x2  
  53  4:05  Drone  
  53  4:08  Drone x2  
  56  4:14  Drone  
  56  4:18  Ravager  
  56  4:19  Drone  
  56  4:21  Drone  
  56  4:22  Drone  
  60  4:25  Overlord  
  60  4:29  Overlord  
  60  4:32  Overlord  
  60  4:34  Overlord  
  60  4:44  Overlord  
  60  4:47  Lair  
  60  4:48  Drone x2  
  60  4:53  Drone  
  60  4:55  Extractor  
  60  4:58  Roach  
  62  5:03  Overlord, Drone  
  62  5:06  Roach  
  65  5:10  Roach  
  67  5:18  Overlord  
  67  5:19  Roach  
  66  5:26  Overlord  
  66  5:27  Drone x2  
  68  5:28  Overlord  
  68  5:29  Extractor  
  68  5:33  Roach  
  67  5:39  Roach  
  67  5:40  Overlord  
  67  5:44  Overlord x2  
  65  5:50  Roach  
  65  5:54  Overlord  
  67  6:01  Roach  
  69  6:08  Roach  
  67  6:14  Roach x2  
  67  6:17  Drone x2  
  73  6:20  Drone  
Show
View Real Time Build Order
Export as new Build Order

Ziggy Terran - Winner!

Build Orders:  

Get SALT Encoding   

  12  0:00  SCV  
  13  0:12  SCV  
  14  0:18  Supply Depot  
  14  0:24  SCV  
  15  0:39  SCV  
  15  0:42  Barracks  
  16  0:45  Refinery  
  16  0:51  SCV  
  17  1:01  Barracks  
  17  1:05  SCV  
  18  1:17  SCV  
  19  1:28  Reaper  
  19  1:29  Orbital Command  
  20  1:37  Barracks  
  20  1:44  Refinery  
  20  1:47  Reaper  
  21  1:55  Supply Depot  
  21  1:59  SCV  
  22  2:04  Reaper  
  23  2:17  SCV  
  23  2:19  Reaper  
  25  2:27  Reaper  
  26  2:37  Reaper  
  27  2:52  Reaper  
  27  2:53  Command Center  
  27  2:55  Supply Depot  
  29  2:58  SCV  
  29  2:59  Reaper  
  30  3:09  Reaper  
  31  3:17  SCV  
  31  3:24  Reaper  
  32  3:27  Barracks  
  32  3:29  SCV  
  32  3:32  Reaper  
  34  3:38  Barracks  
  34  3:41  Reaper, SCV  
  36  3:53  SCV  
  37  3:56  Reaper  
  38  4:04  Reaper  
  38  4:05  SCV  
  38  4:07  Orbital Command  
  39  4:13  Reaper  
  40  4:17  SCV  
  40  4:19  Reaper  
  40  4:20  Refinery  
  42  4:27  Reaper  
  42  4:28  Reaper  
  42  4:29  SCV  
  45  4:37  SCV  
  46  4:41  SCV  
  46  4:42  Reaper, Supply Depot  
  48  4:50  SCV  
  48  4:52  Reaper x2  
  51  4:54  Refinery  
  51  4:58  SCV  
  52  5:06  Reaper  
  53  5:08  SCV  
  53  5:13  Engineering Bay  
  54  5:14  Reaper  
  54  5:15  SCV  
  55  5:25  SCV  
  55  5:27  Reaper, SCV  
  55  5:28  Reaper  
  58  5:30  Supply Depot  
  58  5:39  Reaper x2  
  58  5:42  SCV x2  
  62  5:51  Reaper  
  62  5:55  Supply Depot  
  62  6:09  SCV x2  
  65  6:11  Supply Depot  

Tags
 
Add a new tag
Caveats
  • Supply blocks, unpowered buildings, or Contaminate may cause inaccurate times.
  • Supply counts are checked every 10 seconds.